 Dungeon Crawl Stone Soup version bcrawl-1.35.5c (webtiles) character file.

Game seed: 5226009215530335989

412963 KristoblXynda the Carver (level 13, -21/113 HPs)
             Began as a Green Draconian Gladiator on Mar 18, 2022.
             Was the Champion of Okawaru.
             Killed from afar by a blizzard demon (46 damage)
             ... with a bolt of cold
             ... in a Gauntlet.
             The game lasted 00:30:28 (16311 turns).

KristoblXynda the Carver (DrGl)                    Turns: 16311, Time: 00:30:29

Health: -21/113    AC: 11    Str: 24    XL:     13   Next: 27%
Magic:  16/16      EV: 20    Int: 12    God:    Okawaru [******]
Gold:   816        SH:  9    Dex: 12    Spells: 8/12 levels left

rFire    . . .     SeeInvis .   I - +2 scimitar (flame)
rCold    . . .     Gourm    .   B - +0 buckler {reflect}
rNeg     . . .     Faith    .   (armour unavailable)
rPois    +         Spirit   .   b - +1 hat
rElec    .         Reflect  +   l - +0 cloak
rCorr    .         NoTele   +   m - +0 pair of gloves
MR       .....                  (no boots)
Stlth    +++.......             k - amulet of the acrobat
HPRegen  0.28/turn              g - +4 ring of evasion
MPRegen  0.15/turn              J - ring of stealth

@: mighty, slowed, very slow
A: breathe noxious fumes, unfitting armour, poison resistance, cold-blooded, AC
+8
a: Breathe Noxious Fumes, Heroism, Finesse, Renounce Religion


You were in a Gauntlet.
You worshipped Okawaru.
Okawaru was exalted by your worship.
You were very hungry.

You visited 4 branches of the dungeon, and saw 15 of its levels.
You also visited: Sewer, Bailey and Gauntlet.

You collected 1105 gold pieces.
You spent 289 gold pieces at shops.

Inventory:

Hand Weapons
 E - a +3 great sword of protection
 I - a +2 scimitar of flaming (weapon)
Missiles
 c - 5 throwing nets (quivered) {=f}
Armour
 b - a +1 hat (worn)
 l - a +0 cloak (worn)
 m - a +0 pair of gloves (worn)
 B - a +0 buckler of reflection (worn)
Jewellery
 g - a +4 ring of evasion (left hand)
 k - an amulet of the acrobat (around neck)
 J - a ring of stealth (right hand)
Wands
 w - a wand of acid (3)
 A - a wand of clouds (3)
Scrolls
 h - a scroll of enchant armour {unknown}
 i - a scroll of identify
 o - 4 scrolls of teleportation
 p - 6 scrolls of fear
 r - 3 scrolls of blinking
 t - 3 scrolls of immolation
 v - 4 scrolls of amnesia
 y - 3 scrolls of magic mapping
 D - 3 scrolls of remove curse
 K - a scroll of enchant weapon
Potions
 a - 2 potions of invisibility
 d - 2 potions of ambrosia
 f - a potion of might
 j - 2 potions of agility
 n - 2 potions of lignification
 q - 2 potions of curing
 s - a potion of magic {unknown}
 u - a potion of cancellation {unknown}
 x - a potion of resistance
 z - 2 potions of haste
 F - a potion of brilliance {unknown}
Miscellaneous
 H - a phantom mirror
Comestibles
 e - 9 rations {!d}


   Skills:
 - Level 10.0 Fighting
 + Level 12.5 Long Blades
 - Level 2.0 Throwing
 + Level 10.9 Dodging
 + Level 5.2 Shields
 + Level 7.6 Summonings
 - Level 8.7 Poison Magic
 - Level 5.1 Evocations


You had 8 spell levels left.
You knew the following spells:

 Your Spells              Type           Power        Failure   Level  Hunger
a - Summon Scorpions      Summ/Pois      ###.....     22%         4    ######.

Your spell library contained the following spells:

 Spells                   Type           Power        Failure   Level  Hunger
 Sting                    Conj/Pois      ##..         11%         1    None
 Poisonous Vapours        Pois/Air       ##....       16%         2    ####...
 Olgreb's Toxic Radiance  Pois           ###......    17%         4    ######.
 Ignite Poison            Fire/Tmut/Pois #.......     50%         3    #####..
 Venom Bolt               Conj/Pois      ##........   96%         5    #######
 Iskenderun's Battlesphe  Conj/Chrm      #.......     100%        5    #######
 Piercing Shot            Chrm           #.........   100%        5    #######
 Silence                  Hex/Air        #.........   100%        5    #######
 Deflect Missiles         Chrm/Air       #.........   100%        6    #######
 Infestation              Hex/Tmut/Pois  #........    100%        6    #######
 Discord                  Hex            #.........   100%        7    #######


Dungeon Overview and Level Annotations

Branches:
Dungeon (12/12)            Temple (1/1) D:4            Lair (1/6) D:8
    Orc (1/1) D:10         Vaults (0/3) D:11         Depths (0/5) D:12
    Elf: Orc:1

Altars:
Ashenzari
Cheibriados
Dithmenos
Elyvilon
Fedhas
Gozag
Hepliaklqana
Kikubaaqudgha
Lugonu
Makhleb
Nemelex Xobeh
Okawaru
Qazlal
Ru
Sif Muna
Trog
Uskayaw
Vehumet
Wu Jian
Xom
Yredelemnul
Zin
The Shining One

Shops:
D:4 :}   D:7 (   D:9 !

Annotations:
D:12 1 runed translucent door, Banto's ghost, journeyman DgWn
Lair:1 3 runed translucent doors, Morbidden's ghost, journeyman DrAc Gauntlet 7 transporters, exclusion: ice statue


Innate Abilities, Weirdness & Mutations

You can breathe blasts of noxious fumes.
Your lurid green scales are hard. (AC +8)
You cannot fit into any form of body armour.
Your system is resistant to poisons. (rPois)
You are cold-blooded and may be slowed by cold attacks.


Message History

You feel better. The ice devil completely misses you.
The blizzard demon waves its arms in wide circles.
The air twists around and strikes you!!
* * * LOW HITPOINT WARNING * * *
No path to travel!
You feel very mighty all of a sudden. The ice devil misses you.
The blizzard demon gestures at you.
The bolt of cold hits the ice devil.
The ice devil completely resists.
The bolt of cold misses you. The ice devil misses you.
You closely miss the ice devil.
Your tail-slap misses the ice devil.
The ice devil is moderately wounded.
The ice devil barely misses you.
You slash the ice devil! You burn the ice devil!
The ice devil is severely wounded.
The ice devil barely misses you. The blizzard demon gestures at you.
The bolt of cold hits the ice devil.
The ice devil completely resists.
The bolt of cold hits you!!!
You die...

.......8⌠8............8#
.......................#
#######...###########..#
.©[[.Y#...#=.#.©[..[#..#
....#w#...#...#....2#..#
...##.#...#...#....##..#
####..#...#....#.##.#..#
.©....#...#...###...#..#
#.##..#...#.##©#@...#..#
...##.#...##..24#...#..#
....#.#...#.....#...#..#
......#...#.....○#..#..#
#######...###########..#
.©.#.........#.©.#.....#
...#....⌠....#...#....8#
.©.#.........#.©.#.....#
#######...###########..#


You could see a blizzard demon and an ice devil.

Vanquished Creatures
  3 vault guards (D:11)
  Harold (D:9)
  A rakshasa (D:9)
  A hydra (D:10)
  A great orb of eyes (D:12)
  A tengu warrior (D:11)
  3 skeletal warriors (D:9)
  2 orc knights (Bailey)
  2 cyclopes
  3 ugly things (D:12)
  A wolf spider (D:12)
  2 manticores
  2 centaur skeletons
  An efreet (D:12)
  A freezing wraith (D:12)
  2 tengu conjurers
  A troll (D:9)
  A merfolk (D:11)
  5 hornets (Gauntlet)
  A polar bear (shapeshifter) (D:9)
  3 slime creatures (D:11)
  Maurice (D:10)
  4 hippogriffs
  Grum (D:11)
  A shadow (D:7)
  A vampire (D:10)
  A wraith (D:10)
  10 yaks
  Eustachio (D:6)
  8 humans (D:11)
  2 basilisks (D:12)
  3 hungry ghosts
  4 wargs (D:10)
  2 crocodiles (Lair:1)
  An acid dragon (D:11)
  3 porcupines
  12 orc warriors
  A sky beast (D:9)
  2 ice beasts
  3 black bears
  7 ogres
  4 boggarts (D:10)
  A necrophage (D:6)
  6 centaurs
  4 bullfrogs
  4 wolves (D:11)
  2 big kobolds
  A gnoll sergeant (D:7)
  5 scorpions
  61 killer bees
  4 wights (D:11)
  5 orc priests
  4 howler monkeys
  2 crimson imps
  A bullfrog zombie (D:5)
  3 hounds
  A jelly (shapeshifter) (D:12)
  3 quasits
  A jelly (D:6)
  2 centaur zombies
  8 orc wizards
  3 iguanas
  4 worker ants
  A hound skeleton (D:5)
  A worker ant zombie (D:9)
  9 gnolls
  A howler monkey skeleton (D:6)
  9 river rats (Sewer)
  14 adders
  2 shadow imps
  3 worms
  2 dart slugs
  3 leopard geckos
  36 orcs
  6 ball pythons
  4 bats (D:1)
  A giant cockroach (D:1)
  8 hobgoblins
  21 jackals
  5 kobolds
  2 quokkas (D:4)
  11 frilled lizards
  8 goblins
  A quokka skeleton (D:3)
  7 rats
390 creatures vanquished.

Vanquished Creatures (collateral kills)
  A two-headed ogre (D:8)
  3 killer bees (D:8)
4 creatures vanquished.

Vanquished Creatures (others)
  A centaur warrior (D:12)
  A human (D:11)
  2 killer bees (D:8)
  47 fungi (D:8)
  41 plants
92 creatures vanquished.

Grand Total: 486 creatures vanquished

Notes
Turn   | Place    | Note
-------+----------+-------------------------------------------
     0 | D:1      | KristoblXynda the Draconian Gladiator began the quest for
                  | the Orb.
     0 | D:1      | Reached XP level 1. HP: 19/19 MP: 1/1
   410 | D:1      | Reached XP level 2. HP: 26/26 MP: 2/2
   855 | D:2      | Reached XP level 3. HP: 33/33 MP: 3/3
   948 | D:2      | Found an iron altar of Okawaru.
   981 | D:2      | Became a worshipper of Warmaster Okawaru
  1358 | D:2      | Found a corrupted altar of Lugonu.
  1420 | D:2      | Reached XP level 4. HP: 29/40 MP: 4/4
  1479 | D:2      | Reached skill level 4 in Long Blades
  1981 | D:3      | Found a glowing silver altar of Zin.
  2058 | D:3      | Found a hazy altar of Hepliaklqana.
  2169 | D:3      | Reached XP level 5. HP: 33/46 MP: 5/5
  2483 | D:3      | Found a radiant altar of Vehumet.
  2545 | D:4      | Reached skill level 5 in Long Blades
  2609 | D:4      | Noticed an ogre
  2616 | D:4      | Killed an ogre
  2616 | D:4      | Reached * piety under Okawaru
  2617 | D:4      | Reached XP level 6. HP: 53/53 MP: 6/6
  2630 | D:4      | Found a glowing drain.
  2664 | Sewer    | Entered a sewer
  2910 | Sewer    | Reached skill level 5 in Fighting
  3335 | D:4      | Found a staircase to the Ecumenical Temple.
  3366 | Temple   | Entered the Ecumenical Temple
  3539 | D:4      | Reached skill level 6 in Long Blades
  3539 | D:4      | Your scales start taking on a lurid green colour.
  3539 | D:4      | Reached XP level 7. HP: 61/61 MP: 7/7
  3539 | D:4      | Gained mutation: Your system is resistant to poisons.
                  | (rPois) [Green Draconian growth]
  3550 | D:4      | Found Tadot's Gadget Shoppe.
  3653 | D:4      | Found Maycieso's Book Emporium.
  4023 | D:5      | Entered Level 5 of the Dungeon
  4205 | D:5      | Reached ** piety under Okawaru
  4266 | D:5      | Reached skill level 7 in Long Blades
  4390 | D:5      | Reached skill level 5 in Dodging
  4390 | D:5      | Reached XP level 8. HP: 70/70 MP: 8/8
  4661 | D:5      | Found a hide-covered altar of Uskayaw.
  4975 | D:6      | Found an ornate altar of the Wu Jian Council.
  4977 | D:6      | Found a glowing golden altar of the Shining One.
  5142 | D:6      | Noticed Eustachio
  5162 | D:6      | Reached skill level 1 in Evocations
  5183 | D:6      | Killed Eustachio
  5451 | D:6      | Got an ichor-stained war axe
  5627 | D:7      | Noticed a hippogriff
  5649 | D:7      | Killed a hippogriff
  5650 | D:7      | Reached skill level 8 in Long Blades
  5736 | D:7      | Reached *** piety under Okawaru
  5740 | D:7      | Reached XP level 9. HP: 72/79 MP: 11/11
  5793 | D:7      | Noticed a manticore
  5817 | D:7      | Killed a manticore
  6066 | D:7      | Learned a level 4 spell: Summon Scorpions
  6119 | D:7      | Found Cierchuo's Antique Weapon Shoppe.
  6134 | D:7      | Bought a runed scimitar for 161 gold pieces
  6168 | D:7      | Identified the +8 war axe of Causality {antimagic, rElec
                  | SInv Stlth-} (You found it on level 6 of the Dungeon)
  6313 | D:7      | Identified the cursed ring of Eteysim {Ice rElec MR+ Dex-3}
  6361 | D:7      | Reached **** piety under Okawaru
  6774 | D:7      | Reached skill level 9 in Long Blades
  6886 | D:8      | Reached skill level 5 in Evocations
  6886 | D:8      | Found a staircase to the Lair.
  7102 | D:8      | Reached XP level 10. HP: 81/90 MP: 13/13
  7131 | D:8      | Reached skill level 1 in Poison Magic
  7150 | D:8      | Noticed a two-headed ogre
  7183 | D:8      | Killed a two-headed ogre
  7183 | D:8      | Reached ***** piety under Okawaru
  7493 | D:8      | Found a shimmering altar of Xom.
  7618 | D:8      | Received a gift from Okawaru
  7646 | D:8      | Reached skill level 10 in Long Blades
  8055 | D:8      | Reached skill level 5 in Poison Magic
  8271 | D:9      | Noticed Harold
  8300 | D:9      | Found a flagged portal.
  8321 | Bailey   | Entered a bailey
  8321 | Bailey   | Noticed an orc knight
  8321 | Bailey   | Noticed an orc knight
  8326 | Bailey   | Reached XP level 11. HP: 89/99 MP: 14/14
  8332 | Bailey   | Killed an orc knight
  8349 | Bailey   | Reached skill level 10 in Fighting
  8448 | Bailey   | Received a gift from Okawaru
  8461 | Bailey   | Killed an orc knight
  8462 | Bailey   | Reached skill level 1 in Summonings
  8899 | D:9      | Noticed a skeletal warrior
  8910 | D:9      | Noticed a skeletal warrior
  8911 | D:9      | Killed a skeletal warrior
  8926 | D:9      | Killed a skeletal warrior
  9039 | D:9      | Noticed a skeletal warrior
  9062 | D:9      | Killed a skeletal warrior
  9390 | D:9      | Noticed a rakshasa
  9404 | D:9      | Killed a rakshasa
  9633 | D:9      | Found a white marble altar of Elyvilon.
  9697 | D:9      | Killed Harold
  9697 | D:9      | Received a gift from Okawaru
  9698 | D:9      | Reached skill level 11 in Long Blades
  9967 | D:9      | Found Ehoigalo's Distillery.
  9973 | D:9      | Bought a potion of berserk rage for 48 gold pieces
  9973 | D:9      | Bought a potion of heal wounds for 80 gold pieces
 10225 | D:10     | Entered Level 10 of the Dungeon
 10587 | D:10     | Found a staircase to the Orcish Mines.
 10790 | D:10     | Noticed an unseen horror
 10821 | D:10     | Noticed a brown ugly thing
 10839 | D:10     | Reached XP level 12. HP: 88/106 MP: 15/15
 10980 | D:10     | Noticed Maurice
 10996 | D:10     | Killed Maurice
 11181 | D:10     | Noticed a five-headed hydra
 11190 | D:10     | Killed an eight-headed hydra
 11594 | Orc      | Entered the Orcish Mines
 11761 | D:11     | Reached skill level 5 in Summonings
 11901 | D:11     | Reached ****** piety under Okawaru
 12087 | D:11     | Received a gift from Okawaru
 12501 | D:11     | Noticed a tengu warrior
 12514 | D:11     | Killed a tengu warrior
 12515 | D:11     | Reached skill level 10 in Dodging
 12515 | D:11     | Reached skill level 1 in Shields
 12899 | D:11     | Noticed Grum
 12965 | D:11     | Killed Grum
 13194 | D:11     | Noticed a vault guard
 13194 | D:11     | Noticed a vault guard
 13224 | D:11     | Killed a vault guard
 13226 | D:11     | Killed a vault guard
 13268 | D:11     | Noticed a vault guard
 13282 | D:11     | Killed a vault guard
 13283 | D:11     | Reached skill level 12 in Long Blades
 13452 | D:11     | Got a polished broad axe
 13454 | D:11     | Found a gate to the Vaults.
 13669 | D:11     | Identified the +11 broad axe of the Evil Eye {pain, Str+2}
                  | (You found it on level 11 of the Dungeon)
 13821 | D:12     | Entered Level 12 of the Dungeon
 14299 | D:12     | Noticed a great orb of eyes
 14300 | D:12     | Found a staircase to the Depths.
 14327 | D:12     | Killed a great orb of eyes
 14615 | D:12     | Reached XP level 13. HP: 88/113 MP: 16/16
 15337 | D:12     | Found a runed translucent door.
 15337 | D:12     | Noticed Banto's ghost (journeyman DgWn)
 15594 | Lair:1   | Entered Level 1 of the Lair of Beasts
 15605 | Lair:1   | Found a runed translucent gate.
 15606 | Lair:1   | Found a runed translucent gate.
 15606 | Lair:1   | Found a runed translucent gate.
 15613 | Lair:1   | Noticed Morbidden's ghost (journeyman DrAc)
 15674 | Lair:1   | Reached skill level 5 in Shields
 15705 | Lair:1   | Found a gate leading to a gauntlet.
 15738 | Gauntlet | Entered a Gauntlet
 15738 | Gauntlet | Found a transporter.
 15738 | Gauntlet | Found a transporter.
 15797 | Gauntlet | Found a transporter.
 15797 | Gauntlet | Found a transporter.
 15800 | Gauntlet | Found a transporter.
 15800 | Gauntlet | Found a transporter.
 15810 | Gauntlet | Found a transporter.
 15811 | Gauntlet | Found a transporter.
 15814 | Gauntlet | Found a transporter.
 15814 | Gauntlet | Found a transporter.
 15825 | Gauntlet | Found a transporter.
 15829 | Gauntlet | Found a transporter.
 15834 | Gauntlet | Noticed a blizzard demon
 16103 | Gauntlet | Received a gift from Okawaru
 16306 | Gauntlet | HP: 2/113 [blizzard demon/bolt of cold (34)]
 16311 | Gauntlet | Killed from afar by a blizzard demon

Skill      XL: |  1  2  3  4  5  6  7  8  9 10 11 12 13 |
---------------+----------------------------------------+-----
Throwing       | 2 |  2.0
Dodging        | 3 4 5 6 7 8 9 10 | 10.9
Long Blades    | 4 5 6 7 8 9 10 11 12 | 12.5
Fighting       | 4 5 6 7 8 9 10 | 10.0
Evocations     | 3 5 |  5.1
Poison Magic   | 5 8 |  8.7
Summonings     | 4 7 |  7.6
Shields        | 4 5 |  5.2

Action                   |  1- 3 |  4- 6 |  7- 9 | 10-12 | 13-15 || total
-------------------------+-------+-------+-------+-------+-------++-------
Melee: Long sword        |    90 |   227 |   241 |       |       ||   558
       Tailslap          |     9 |    27 |    59 |   138 |    24 ||   257
       Scimitar          |       |       |   107 |   956 |   173 ||  1236
       Unarmed           |       |       |       |    13 |       ||    13
Throw: Throwing net      |       |     1 |       |       |       ||     1
 Abil: Breathe Noxious F |       |       |    12 |    28 |     3 ||    43
Evoke: Wand              |       |       |     4 |    22 |       ||    26
       Phantom mirror    |       |       |       |     1 |       ||     1
  Use: Scroll            |     2 |     5 |     9 |     6 |     1 ||    23
       Potion            |       |       |     2 |     5 |     4 ||    11
 Stab: Held in net/web   |       |     1 |       |       |       ||     1
       Confused          |       |       |     2 |    28 |     5 ||    35
       Sleeping          |       |       |     1 |       |       ||     1
       Distracted        |       |       |       |     2 |       ||     2
  Eat: Chunk             |     4 |    13 |    16 |    27 |     7 ||    67
       Ration            |       |       |     3 |     7 |       ||    10
Armor: Skin              |    25 |    41 |    83 |   169 |    18 ||   336
Dodge: Dodged            |   133 |   222 |   391 |   963 |   111 ||  1820
Block: Other             |     1 |    10 |    30 |    82 |       ||   123
       Buckler           |       |       |       |    70 |    84 ||   154
       Reflection        |       |       |       |     3 |     6 ||     9
